 Dungeon Crawl Stone Soup version 0.29.1-14-g9c671dbff4 (webtiles) character file.

Game seed: 13926113723416900714

52 Hrothgar the Covered (level 4, -1/35 HPs)
             Began as a Human Fighter on Feb 13, 2023.
             Slain by a hobgoblin
             ... wielding a +0 long sword
              (10 damage)
             ... on level 3 of the Dungeon.
             The game lasted 00:03:16 (899 turns).

Hrothgar the Covered (Human Fighter)                 Turns: 899, Time: 00:03:16

Health: -1/35      AC:  6    Str: 17    XL:     4   Next: 8%
Magic:  4/4        EV:  7    Int: 16    God:
Gold:   50         SH:  8    Dex: 12    Spells: 3/3 levels left

rFire   . . .      SeeInvis .   a - +0 long sword
rCold   . . .      Faith    .   e - +0 kite shield
rNeg    . . .      Spirit   .   b - +0 scale mail
rPois   .          Reflect  .   (no helmet)
rElec   .          Harm     .   (no cloak)
rCorr   .          Rampage  .   (no gloves)
Will    .....                   (no boots)
Stlth   ..........              (no amulet)
HPRegen 0.11/turn               f - +6 ring of intelligence
MPRegen 0.09/turn               (no ring)

@: no status effects
A: no striking features
a: no special abilities


You were on level 3 of the Dungeon.
You visited 1 branch of the dungeon, and saw 3 of its levels.

You collected 50 gold pieces.

Inventory:

Hand Weapons
 a - a +0 long sword (weapon)
Missiles
 j - 3 silver boomerangs (quivered)
Armour
 b - a +0 scale mail (worn)
 c - a +0 buckler
 e - a +0 kite shield (worn)
Jewellery
 f - a +6 ring of intelligence (left hand)
Scrolls
 g - a scroll of amnesia
Potions
 d - a potion of might
 h - a potion of curing {unknown}
 i - a potion of lignification {unknown}


   Skills:
 * Level 3.3 Fighting
 * Level 2.6 Long Blades
 * Level 3.4 Armour
 * Level 0.5 Dodging
 * Level 1.0 Stealth
 * Level 3.2 Shields


You had 3 spell levels left.
You didn't know any spells.
Your spell library was empty.

Dungeon Overview and Level Annotations

Branches:
Dungeon (3/15)

Altars:


Message History

The ball python is heavily wounded.
You block the ball python's attack. The ball python constricts you.
* * * LOW HITPOINT WARNING * * *
The ball python bites you.
* * * LOW HITPOINT WARNING * * *
The ball python constricts you.
You barely miss the ball python.
The ball python is heavily wounded.
The ball python bites you but does no damage.
The ball python constricts you.
The ball python bites you but does no damage.
The ball python constricts you.
You slash the ball python!
You kill the ball python!
You slash the hobgoblin!
You kill the hobgoblin!
h - a yellow potion You now have 50 gold pieces (gained 30).
i - a brown potion
Items here: ( ))))) [[ ††.
j - 3 silver boomerangs You start resting.
A hobgoblin is nearby!
The hobgoblin shouts!
You barely miss the hobgoblin. The hobgoblin closely misses you.
The hobgoblin hits you with a +0 long sword!
You hit the hobgoblin.
The hobgoblin is moderately wounded.
The hobgoblin hits you with a +0 long sword.
You barely miss the hobgoblin.
The hobgoblin is moderately wounded.
The hobgoblin hits you with a +0 long sword.
* * * LOW HITPOINT WARNING * * *
You block the hobgoblin's attack.
You barely miss the hobgoblin.
The hobgoblin is moderately wounded.
The hobgoblin hits you but does no damage.
The hobgoblin attacks as you move away!
The hobgoblin hits you with a +0 long sword!
You die...

#...####........####
#...........###.#
#...#####...# #..# . #...#
#...####.# g.. ###.#
#....# .. .....####)#
#....# #.#
........).#####....# ..
g..#####........##.....##.
##@.......#####.# .
#g.......## ...
#............ ....
###........###...###
..............
............##.
................
............###
#...oo.<...#


You could see a hobgoblin.

Vanquished Creatures
  2 worms
  5 orcs
  7 bats
  3 endoplasms (D:2)
  2 giant cockroaches
  2 goblins
  3 hobgoblins
  3 jackals (D:3)
  4 kobolds
  A quokka (D:3)
  2 ball pythons
  2 rats (D:2)
36 creatures vanquished.

Notes
Turn   | Place    | Note
-------+----------+-------------------------------------------
     0 | D:1      | Hrothgar the Human Fighter began the quest for the Orb.
     0 | D:1      | Reached XP level 1. HP: 18/18 MP: 1/1
    48 | D:1      | Reached XP level 2. HP: 20/24 MP: 2/2
   352 | D:2      | Reached XP level 3. HP: 27/29 MP: 3/3
   745 | D:3      | Reached skill level 1 in Stealth
   784 | D:3      | Reached XP level 4. HP: 10/35 MP: 4/4
   899 | D:3      | Slain by a hobgoblin

Illustrated notes

Levels and vault maps discovered:
D:1:      roderic_dead_forest, layout_rooms,
          hellmonk_ecumenical_altar_dog_temple
D:2:      kennysheep_big_flooded_room, layout_basic
D:3:      layout_rooms

Skill      XL: |  1  2  3 |
---------------+----------+-----
Stealth        | 1 |  1.0
Fighting       | |  3.3
Long Blades    | |  2.6
Armour         | |  3.4
Dodging        | |  0.5
Shields        | |  3.2

Action                   |  1- 3 |  4- 6 || total
-------------------------+-------+-------++-------
Melee: Long sword        |   128 |    10 ||   138
  Use: Scroll            |     1 |       ||     1
       Potion            |     1 |       ||     1
Armor: Scale mail        |    65 |     3 ||    68
Dodge: Dodged            |    64 |     3 ||    67
Block: Buckler           |    18 |       ||    18
       Kite shield       |    32 |     2 ||    34
